 Dungeon Crawl Stone Soup version 0.16.0-12-g7215832 (webtiles) character file.

843 maniek23 the Sneak (level 7, -3/50 HPs)
             Began as a Vampire Enchanter on Mar 18, 2015.
             Was a Follower of Kikubaaqudgha.
             Slain by an orc wizard
             ... wielding a +0 dagger
              (4 damage)
             ... on level 6 of the Dungeon.
             The game lasted 00:29:10 (5701 turns).

maniek23 the Sneak (Vampire Enchanter)              Turns: 5701, Time: 00:29:10

Health: -3/50      AC:  7    Str:  9    XL:     7   Next: 68%
Magic:  15/15      EV: 14    Int: 17    God:    Kikubaaqudgha [*.....]
Gold:   259        SH:  0    Dex: 14    Spells: 4 memorised, 3 levels left

rFire  . . .     SeeInvis +     j - -3 whip (curse)
rCold  + . .     Clarity  .     b - +2 robe
rNeg   + . .     SustAb   .     (no shield)
rPois  .         Gourm    .     r - +0 helmet (curse)
rElec  .         Spirit   .     B - +0 cloak
rCorr  .         Warding  .     A - +0 pair of gloves
rMut   .         Stasis   .     (no boots)
MR     .....                    (no amulet)
Stlth  ++++......               (no ring)
                                u - ring of protection from cold

@: about to teleport, not resistant to hostile enchantments, stealthy
A: bottle blood, fangs 3, see invisible, unbreathing
a: Bat Form, Receive Corpses, Renounce Religion


You were on level 6 of the Dungeon.
You worshipped Kikubaaqudgha.
Kikubaaqudgha was aware of your devotion.
You were not thirsty.

You visited 1 branch of the dungeon, and saw 6 of its levels.

You collected 259 gold pieces.

Inventory:

Hand weapons
 a - a +2 dagger of draining
 j - a cursed -3 whip (weapon)
 E - a +0 club
Missiles
 x - 4 tomahawks
 H - a tomahawk of returning (quivered)
 L - 2 tomahawks of dispersal
Armour
 b - a +2 robe (worn)
 r - a cursed +0 helmet (worn)
 w - a +0 ring mail
 y - a +0 shield
 A - a +0 pair of gloves (worn)
 B - a +0 cloak (worn)
 F - a +0 leather armour
 G - a +1 chain mail of cold resistance
Magical staves
 J - an uncursed staff of conjuration {unknown}
Jewellery
 h - an uncursed amulet of resist corrosion {unknown}
 u - a ring of protection from cold (left hand)
Magical devices
 f - a wand of slowing (34)
 s - a wand of random effects (44)
 D - a wand of draining (5)
Scrolls
 i - 3 scrolls of enchant weapon
 o - 3 scrolls of identify
 z - 2 scrolls of recharging
Potions
 d - 2 potions of blood
 e - 2 potions of berserk rage {unknown}
 k - a potion of lignification
 l - a potion of heal wounds {unknown}
 m - a potion of ambrosia {unknown}
 n - a potion of agility {unknown}
 p - a potion of resistance {unknown}
 q - 3 potions of curing
 t - a potion of poison {unknown}
 v - a potion of flight {unknown}
 I - a potion of brilliance {unknown}
Books
 c - a book of Maledictions

   Spells                             Type                      Level
   a - Corona                         Hexes                        1
   b - Sure Blade                     Hexes/Charms                 2
   c - Ensorcelled Hibernation        Hexes/Ice                    2
   d - Confuse                        Hexes                        3
   e - Dazzling Spray                 Conjuration/Hexes            3
   f - Enslavement                    Hexes                        4
 C - Kikubaaqudgha's Grimoire of Evil Rites
   (Kikubaaqudgha gifted it to you on level 6 of the Dungeon)

   Spells                             Type                      Level
   a - Animate Skeleton               Necromancy                   1
   b - Corpse Rot                     Necromancy                   2
   c - Sublimation of Blood           Necromancy                   2
   d - Vampiric Draining              Necromancy                   3
   e - Control Undead                 Necromancy                   4


   Skills:
 + Level 2.0 Fighting
 + Level 3.4 Short Blades
 + Level 0.1 Throwing
 + Level 2.5 Armour
 + Level 4.2 Dodging
 + Level 7.0 Stealth
 + Level 3.4 Spellcasting
 + Level 6.7 Hexes
 + Level 0.2 Charms


You had 3 spell levels left.
You knew the following spells:

 Your Spells              Type           Power        Failure   Level  Hunger
a - Animate Skeleton      Necr           N/A          21%         1    None
b - Confuse               Hex            ####....     3%          3    ###....
c - Sure Blade            Hex/Chrm       ##........   10%         2    ##.....
d - Dazzling Spray        Conj/Hex       ##......     14%         3    ###....


Dungeon Overview and Level Annotations

Branches:
Dungeon (6/15)             Temple (0/1) D:4

Altars:
Cheibriados
Fedhas
Kikubaaqudgha
Makhleb
Okawaru
Ru
Xom
Yredelemnul

Shops:
D:6 !

Annotations:
D:4 herpmino's ghost, average HuSk


Innate Abilities, Weirdness & Mutations

You can bottle blood from corpses.
You have razor-sharp teeth.
You have supernaturally acute eyesight.
You can survive without breathing.


Message History

The orc priest invokes the aid of Beogh against you.
Something smites you! The orc wizard closely misses you.
The orc priest calls down the wrath of Beogh upon you.
Something smites you!
* * * LOW HITPOINT WARNING * * *
As you open the door, it creaks loudly!
You hear a loud, deep croak!
The orc wizard casts a spell at you. The puff of frost hits you! You resist.
* * * LOW HITPOINT WARNING * * *
The orc hits you but does no damage.
Found 15 stones.
A giant frog comes into view.
The orc wizard barely misses you.
An adder zombie comes into view.
There is an open door here.
Read which item? (? for menu, Esc to quit)
As you read the scroll of teleportation, it crumbles to dust.
You feel strangely unstable. The orc wizard hits you with a dagger.
You die...
Kikubaaqudgha rasps: "You have failed me!
Welcome... oblivion!"

#......##'###....#+##....#+#.....
#......'....#....#....#....+.....
#......#....+....+....#....#.....
#......#+####....#....'....#.....
#......#....#....#....#....#.....
####'###....+....##'####'######+#
.).....'....#.........##.. #
......##....##+##.....#.... +
##...<##....##.o@.....'<.. #
##....##...oo..o#.....#(. #
............###+#.....##'####+###
##..........# ................
###+######+##


ZF.............. # ................ # ...............) # ##'# ......##'## #
......'.... You could see an orc warrior, a giant frog, 2 orc wizards, an orc
and an adder zombie (wandering).

Vanquished Creatures
  A phantom (D:4)
  A giant frog (D:5)
  Blork the orc (D:6)
  A scorpion (D:4)
  A centaur zombie (D:5)
  2 orc priests
  A hound (D:4)
  3 giant frog zombies (D:5)
  2 jellies
  A centaur skeleton (D:4)
  An orc wizard (D:4)
  A worker ant (D:4)
  A worker ant zombie (D:5)
  2 shadow imps
  A giant mite (D:3)
  3 adders
  A worm (D:3)
  An adder skeleton (D:5)
  A giant gecko (D:4)
  2 oozes
  11 orcs
  2 ball pythons (D:2)
  2 bat skeletons
  5 giant cockroaches
  13 goblins
  19 hobgoblins
  7 jackals (D:1)
  A quokka (D:3)
  9 bats
  2 giant cockroach zombies (D:5)
  A giant gecko zombie (D:5)
  8 giant newts
  A jackal zombie (D:5)
  9 kobolds
  12 rats
130 creatures vanquished.

Vanquished Creatures (others)
  An orc wizard (D:4)
1 creature vanquished.

Grand Total: 131 creatures vanquished

Notes
Turn   | Place    | Note
--------------------------------------------------------------
     0 | D:1      | maniek23, the Vampire Enchanter, began the quest for the Orb.
     0 | D:1      | Reached XP level 1. HP: 13/13 MP: 3/3
   260 | D:1      | Reached skill level 5 in Hexes
   260 | D:1      | Reached XP level 2. HP: 19/19 MP: 4/4
   635 | D:1      | Reached skill level 5 in Stealth
   852 | D:1      | Reached XP level 3. HP: 17/24 MP: 3/6
  1358 | D:2      | Found a snail-covered altar of Cheibriados.
  1384 | D:2      | Learned a level 3 spell: Confuse
  1559 | D:2      | Found a shimmering altar of Xom.
  1631 | D:2      | Reached XP level 4. HP: 31/31 MP: 7/7
  1644 | D:2      | Found a burning altar of Makhleb.
  2285 | D:3      | Found an iron altar of Okawaru.
  2476 | D:4      | Reached XP level 5. HP: 34/36 MP: 9/9
  2534 | D:4      | Reached skill level 1 in Fighting
  2534 | D:4      | Reached skill level 1 in Armour
  2553 | D:4      | Reached skill level 6 in Stealth
  2766 | D:4      | Found a blossoming altar of Fedhas.
  2770 | D:4      | Found a sacrificial altar of Ru.
  2773 | D:4      | Found a basalt altar of Yredelemnul.
  2791 | D:4      | Found an ancient bone altar of Kikubaaqudgha.
  2794 | D:4      | Became a worshipper of Kikubaaqudgha
  2817 | D:4      | Found a staircase to the Ecumenical Temple.
  2834 | D:4      | Noticed herpmino's ghost (average HuSk)
  2909 | D:4      | Learned a level 2 spell: Sure Blade
  3321 | D:4      | Noticed a phantom
  3331 | D:4      | Killed a phantom
  3331 | D:4      | Reached XP level 6. HP: 41/43 MP: 3/11
  4456 | D:5      | Entered Level 5 of the Dungeon
  4642 | D:5      | Found a sacrificial altar of Ru.
  4707 | D:5      | Reached XP level 7. HP: 45/48 MP: 4/14
  5277 | D:6      | Found Abism's Distillery.
  5550 | D:6      | Noticed Blork the orc
  5563 | D:6      | Killed Blork the orc
  5644 | D:6      | Acquired Kikubaaqudgha's first power
  5644 | D:6      | Received a gift from Kikubaaqudgha
  5644 | D:6      | Reached skill level 7 in Stealth
  5647 | D:6      | Identified Kikubaaqudgha's Grimoire of Evil Rites (Kikubaaqudgha gifted it to you on level 6 of the Dungeon)
  5650 | D:6      | Learned a level 1 spell: Animate Skeleton
  5654 | D:6      | Learned a level 3 spell: Dazzling Spray
  5699 | D:6      | HP: 1/50 [orc wizard/puff of frost (4)]
  5701 | D:6      | Slain by an orc wizard

Action                   |  1- 3 |  4- 6 |  7- 9 || total
-------------------------+-------+-------+-------++-------
Melee: Dagger            |   141 |   192 |    45 ||   378
       Whip              |       |       |    40 ||    40
Throw: Tomahawk          |       |     8 |       ||     8
 Cast: Corona            |     5 |       |       ||     5
       Confuse           |       |    21 |     6 ||    27
       Sure Blade        |       |     2 |       ||     2
 Abil: End Transformatio |       |     3 |     1 ||     4
       Bat Form          |       |     3 |     1 ||     4
  Use: Scroll            |     1 |     2 |    10 ||    13
       Potion            |       |     7 |     2 ||     9
 Stab: Sleeping          |     6 |    12 |     1 ||    19
       Confused          |       |     5 |     4 ||     9
  Eat: Corpse            |     2 |     1 |     3 ||     6
